Map: Deathaura LE

Players

DisK

  • Race: Protoss Protoss
  • League: Master
  • Spawn Location: 11:00

GabeTalks - Winner!

  • Race: Terran Terran
  • League: Grandmaster
  • Spawn Location: 5:00

VOD

Have the link to the VOD?

Description

Time

  • Played on: March 3, 2021, 2:03 p.m.
  • Length: 10:34
Show
View Real Time Build Order
Export as new Build Order

DisK Protoss 

Build Orders: 1 Gate Expand, Blink Stalkers 

Get SALT Encoding   

  12  0:00  Probe  
  13  0:12  Probe  
  14  0:17  Pylon  
  14  0:24  Probe  
  15  0:35  Gateway  
  15  0:37  Probe (Chrono Boost)  
  16  0:46  Probe (Chrono Boost)  
  16  0:47  Assimilator  
  17  0:51  Probe  
  18  1:03  Probe  
  19  1:16  Probe  
  20  1:22  Cybernetics Core  
  20  1:32  Nexus  
  20  1:34  Probe  
  21  1:41  Pylon  
  21  1:47  Probe  
  21  1:50  Assimilator  
  22  1:57  Adept (Chrono Boost)  
  22  1:58  Warp Gate  
  24  2:01  Probe  
  25  2:13  Probe  
  26  2:17  Stalker (Chrono Boost)  
  28  2:29  Probe  
  29  2:36  Twilight Council  
  30  2:45  Probe x2 (Chrono Boost)  
  31  2:55  Probe (Chrono Boost)  
  31  2:56  Robotics Facility  
  31  2:57  Probe (Chrono Boost)  
  33  3:02  Probe  
  34  3:06  Probe  
  34  3:11  Stalker  
  34  3:12  Gateway  
  35  3:14  Probe  
  35  3:18  Probe  
  37  3:20  Blink (Chrono Boost)  
  37  3:24  Pylon  
  37  3:29  Probe  
  37  3:30  Probe  
  39  3:42  Probe x2  
  39  3:43  Observer  
  39  3:44  Gateway  
  39  3:46  Gateway  
  42  3:54  Probe x2  
  42  3:55  Stalker  
  46  3:58  Assimilator  
  46  4:06  Warp Prism  
  48  4:12  Stalker  
  48  4:16  Pylon  
  50  4:25  Stalker  
  50  4:31  Probe x2  
  54  4:33  Pylon  
  52  4:48  Stalker x4  
  52  4:50  Probe  
  61  4:55  Pylon  
  61  4:59  Observer  
  61  5:16  Stalker x4  
  69  5:22  Observer  
  61  5:42  Stalker x4  
  65  5:48  Nexus  
  65  5:51  Pylon  
  59  6:08  Stalker x2  
  59  6:09  Stalker x2  
  59  6:10  Observer  
  59  6:24  Probe  
  59  6:25  Probe  
  55  6:28  Gateway  
  55  6:30  Forge  
  55  6:35  Gateway  
  55  6:37  Probe  
  55  6:38  Stalker x3  
  61  6:42  Probe  
  62  6:49  Probe  
  62  6:50  Charge (Chrono Boost)  
  63  6:54  Probe (Chrono Boost)  
  63  6:56  Protoss Ground Weapons Level 1 (Chrono Boost)  
  63  7:00  Sentry  
  66  7:03  Probe x2 (Chrono Boost), Pylon  
  66  7:06  Probe (Chrono Boost)  
  69  7:13  Probe x2 (Chrono Boost)  
  71  7:16  Probe (Chrono Boost), Gateway  
  71  7:17  Probe (Chrono Boost), Gateway  
  71  7:18  Probe (Chrono Boost)  
  74  7:23  Warp Prism (Chrono Boost)  
  76  7:31  Sentry x2  
  76  7:32  Zealot  
  80  7:40  Zealot  
  80  7:41  Zealot x2  
  80  7:43  Probe  
  87  7:44  Probe, Pylon  
  87  7:45  Probe  
  89  7:54  Immortal  
  93  7:58  Zealot x3  
  93  8:01  Pylon  
  99  8:11  Zealot x5  
  109  8:19  Zealot x3  
  115  8:30  Pylon  
  115  8:33  Pylon, Zealot x4  
  123  8:38  Zealot  
  125  8:57  Zealot x7  
  125  8:58  Zealot  
  113  9:23  Zealot x3  
  113  9:24  Zealot x5  
  85  9:38  Probe x3  
  74  9:44  Stalker x4  
  74  9:45  Stalker x4  
  76  9:47  Pylon  
  76  9:50  Probe, Immortal (Chrono Boost)  
  76  9:51  Assimilator  
  81  9:53  Assimilator  
  81  10:04  Assimilator  
  81  10:15  Zealot x7  
  81  10:18  Zealot  
Show
View Real Time Build Order
Export as new Build Order

GabeTalks Terran - Winner!

Build Orders: Reaper Expand 

Get SALT Encoding   

  12  0:00  SCV  
  13  0:12  SCV  
  14  0:17  Supply Depot  
  14  0:24  SCV  
  15  0:38  SCV  
  15  0:40  Barracks  
  16  0:44  Refinery  
  16  0:50  SCV  
  17  1:02  SCV  
  18  1:15  SCV  
  19  1:28  Reaper, Orbital Command  
  20  1:48  Command Center  
  20  1:51  Supply Depot  
  20  1:53  SCV  
  21  1:59  Marine  
  22  2:05  SCV  
  23  2:09  Factory  
  23  2:17  SCV  
  23  2:19  Marine  
  23  2:20  Refinery  
  25  2:29  SCV  
  26  2:34  Bunker  
  26  2:37  Marine  
  26  2:41  SCV  
  28  2:53  Starport, SCV, Hellion  
  28  2:55  Barracks Reactor  
  31  3:05  Orbital Command  
  31  3:06  SCV  
  32  3:14  Hellion  
  32  3:18  SCV  
  35  3:29  Medivac  
  35  3:30  SCV  
  35  3:32  SCV, Marine x2  
  41  3:36  Hellion  
  41  3:38  Supply Depot  
  43  3:42  SCV  
  43  3:44  SCV  
  45  3:50  Supply Depot  
  45  3:54  SCV  
  46  3:58  Factory Tech Lab  
  46  3:59  SCV, Marine x2  
  46  4:00  Starport Tech Lab  
  49  4:06  SCV, Engineering Bay  
  50  4:10  Barracks  
  50  4:11  SCV  
  51  4:18  SCV, Raven  
  51  4:20  Siege Tank  
  51  4:23  SCV  
  57  4:25  Supply Depot  
  57  4:26  Marine x2  
  57  4:30  SCV  
  60  4:35  SCV  
  59  4:43  SCV, Marine  
  59  4:44  Marine  
  58  4:48  SCV  
  57  4:54  Siege Tank  
  57  4:55  SCV  
  57  4:59  Command Center  
  61  5:01  SCV, Marine x2  
  65  5:07  SCV  
  65  5:09  Marine, Terran Infantry Weapons Level 1  
  65  5:10  Barracks  
  65  5:13  SCV  
  67  5:16  Refinery  
  67  5:17  Refinery  
  67  5:19  SCV  
  67  5:20  Stimpack  
  67  5:21  Marine  
  69  5:22  Marine  
  70  5:31  Marine  
  70  5:32  SCV x2  
  69  5:38  Marine  
  70  5:43  Supply Depot  
  70  5:45  Marine  
  70  5:46  SCV x2  
  72  5:50  Marauder, Siege Tank  
  72  5:56  Marine x2  
  73  5:58  SCV x2  
  73  5:59  Viking  
  69  6:10  SCV x2  
  67  6:13  Marauder  
  67  6:15  Marine x2  
  67  6:18  Marine  
  66  6:22  SCV x2  
  65  6:27  Orbital Command  
  65  6:32  Siege Tank  
  68  6:33  Marine  
  68  6:34  SCV x2  
  68  6:37  Marauder  
  68  6:39  Marine x2  
  75  6:46  SCV x2  
  77  6:49  Starport Reactor  
  77  6:59  Marauder, Marine x2  
  77  7:00  Combat Shield  
  82  7:06  Barracks  
  82  7:07  Barracks  
  80  7:14  Orbital Command, Factory Reactor, Concussive Shells  
  80  7:15  Marauder  
  84  7:17  Marine  
  84  7:18  Missile Turret  
  84  7:19  Terran Infantry Armor Level 1, Supply Depot x2  
  84  7:20  Marauder  
  85  7:27  SCV x2  
  87  7:33  Marine  
  87  7:35  Marine  
  87  7:36  Marauder  
  88  7:39  SCV x2  
  88  7:41  Marauder  
  88  7:44  SCV  
  92  7:47  Supply Depot  
  92  7:48  Medivac x2  
  96  7:51  SCV x2  
  96  7:52  Widow Mine x2  
  96  7:53  Armory  
  96  7:54  Barracks Reactor, Barracks Tech Lab  
  96  7:55  Engineering Bay  
  96  7:56  SCV  
  96  7:57  Supply Depot  
  103  8:02  Supply Depot  
  103  8:03  SCV  
  103  8:04  SCV  
  105  8:08  SCV, Marauder x2, Marine x2  
  112  8:13  Supply Depot  
  112  8:15  SCV  
  112  8:16  SCV, Marauder  
  116  8:21  Medivac x2  
  116  8:22  Widow Mine  
  116  8:23  Widow Mine  
  116  8:25  Refinery  
  116  8:26  SCV  
  125  8:28  Refinery, SCV x2  
  125  8:29  Marauder  
  125  8:32  Marauder  
  125  8:33  Supply Depot  
  131  8:36  Marine x2  
  131  8:37  Marauder, Marine x2  
  137  8:47  SCV  
  137  8:48  SCV x2  
  140  8:50  Bunker  
  140  8:53  Marine  
  140  8:54  Supply Depot  
  140  8:55  Marauder, Marine x3  
  146  9:03  Marauder  
  148  9:10  Marine  
  148  9:11  Marauder  
  148  9:15  Marine  
  148  9:16  SCV, Marauder  
  148  9:17  SCV x2  
  137  9:21  Marine x2  
  135  9:25  Marauder  
  135  9:26  Widow Mine  
  135  9:27  Widow Mine, Medivac  
  135  9:28  Medivac  
  135  9:29  SCV x3  
  136  9:33  Marauder  
  136  9:38  Marauder  
  130  9:46  Marauder  
  130  9:48  Marine x3, Supply Depot  
  132  9:54  Marauder  
  132  9:58  Medivac x2  
  132  9:59  Marauder, Command Center  
  140  10:02  Ghost Academy  
  140  10:07  Marauder  
  140  10:08  Widow Mine x2  
  137  10:15  Marine x3  
  137  10:17  SCV  
  137  10:20  SCV  
  141  10:21  SCV  
Tags
 
Add a new tag
Caveats
  • Supply blocks, unpowered buildings, or Contaminate may cause inaccurate times.
  • Supply counts are checked every 10 seconds.